 Dungeon Crawl Stone Soup version bcrawl-1.21.2-20-g6d45ba5942 (webtiles) character file.

Game seed: 12964854254149583378

196 Freyura the Scratcher (level 5, -1/28 HPs)
             Began as a Felid Monk on Mar 1, 2020.
             Was a Believer of Dithmenos.
             Killed by divine providence
             ... invoked by an orc priest
              (6 damage)
             ... on level 4 of the Dungeon.
             The game lasted 00:08:46 (3105 turns).

Freyura the Scratcher (Felid Monk)                  Turns: 3105, Time: 00:08:46

Health: -1/28      AC:  2    Str:  7    XL:     5   Next: 75%
Magic:  0/8        EV: 22    Int: 11    God:    Dithmenos [**....]
Gold:   243        SH:  0    Dex: 21    Spells: 4/4 levels left
                                        Lives:  0   Deaths: 1

rFire    . . .     SeeInvis +     - Unarmed
rCold    . . .     Gourm    .   (shield unavailable)
rNeg     . . .     Faith    .   (armour unavailable)
rPois    .         Spirit   +   (helmet unavailable)
rElec    .         Reflect  .   (cloak restricted)
rCorr    .         Harm     .   (gloves unavailable)
MR       .....                  (boots unavailable)
Stlth    +++++.....             a - amulet of guardian spirit
HPRegen  0.09/turn              (no ring)
MPRegen  0.11/turn              (no ring)

@: lethally poisoned (-1 -> -8), wreathed by umbra, quick
A: very small, no armour, no weapons or thrown items, stealth, claws 1, fangs 3,
see invisible, carnivore, speed 1, shaggy fur 2, slow metabolism 1, sharp paws
a: Shadow Step, Renounce Religion


You were on level 4 of the Dungeon.
You worshipped Dithmenos.
Dithmenos was pleased with you.
You were full.

You visited 1 branch of the dungeon, and saw 4 of its levels.

You collected 243 gold pieces.

Inventory:

Jewellery
 a - an amulet of guardian spirit (around neck)
 i - an uncursed amulet of regeneration
 o - an uncursed amulet of the acrobat {unknown}
Wands
 n - a wand of flame (13)
Scrolls
 c - a scroll of blinking
 f - a scroll of immolation
 g - 4 scrolls of identify
 l - a scroll of magic mapping
 m - 2 scrolls of remove curse {unknown}
Potions
 b - a potion of berserk rage {unknown}
 d - a potion of brilliance {unknown}
 h - a potion of agility {unknown}
 j - a potion of cancellation {unknown}
 k - a potion of invisibility {unknown}
 p - a potion of haste {unknown}
Comestibles
 e - 7 rations {!d}


   Skills:
 + Level 3.6 Fighting
 + Level 5.4 Dodging
 * Level 5.4 Stealth
 + Level 6.3 Unarmed Combat
 + Level 2.8 Invocations


You had 4 spell levels left.
You didn't know any spells.
Your spell library was empty.

Dungeon Overview and Level Annotations

Branches:
Dungeon (4/12)
 Temple: D:4-7

Altars:
Ashenzari
Cheibriados
Dithmenos
Fedhas
Nemelex Xobeh
Okawaru
Ru
Wu Jian


Innate Abilities, Weirdness & Mutations

You cannot wear almost all types of armour.
You are incapable of wielding weapons or throwing items.
Your paws allow you to move quietly. (Stealth)
You have sharp claws.
You have razor-sharp teeth.
You have supernaturally acute eyesight. (SInv)
You are carnivorous and can eat meat at any time.
You cover ground quickly.
You are covered in thick fur. (AC +2)
You have a slow metabolism.
Your sharp claws are effective at attacking unaware monsters.


Message History

The worker ant bites you.
You are poisoned.
The worker ant poisons you!
You scratch the worker ant. You claw the worker ant.
The worker ant is severely wounded.
You feel sick. The worker ant barely misses you.
You scratch the worker ant.
The worker ant is severely wounded.
You feel sick. The worker ant completely misses you.
The orc priest calls down the wrath of Beogh upon you.
Beogh smites you!
* * * LOW HITPOINT WARNING * * *
You scratch the worker ant.
You kill the worker ant!
Dithmenos accepts your kill.
* * * LOW HITPOINT WARNING * * *
You feel sick.
The orc priest invokes the aid of Beogh against you.
Beogh smites you!
You die...

#######.####.##.######..|.
.....##.##...##.#........#
...#.##..#...#...........#
......(...............##.#
..#....#..###.....###.# #
.....#....#####_#####.##.#
..##..##..###.....###....#
..###..............÷.....#
..# #...........@....##..#
... #..>........###### ..#
.. ........#.....####
.#....####..#.....#
......# #o.....![###.
#........###.#........
.... #......§........
.#.#####...........
....gaHo§..........


You could see an orc priest.

Vanquished Creatures
  A howler monkey (D:3)
  A hound (D:4)
  A jelly (D:3)
  4 orc wizards
  Terence (D:2)
  Natasha (twice) (D:4)
  2 worker ants
  4 adders
  2 oozes
  2 worms
  5 dart slugs
  4 leopard geckos
  6 orcs
  2 giant cockroaches (D:1)
  4 goblins
  8 hobgoblins
  8 jackals
  A quokka (D:2)
  A ball python (D:1)
  7 bats
  A frilled lizard (D:1)
  5 kobolds
  7 rats
79 creatures vanquished.

Notes
Turn   | Place    | Note
-------+----------+-------------------------------------------
     0 | D:1      | Freyura the Felid Monk began the quest for the Orb.
     0 | D:1      | Reached XP level 1. HP: 12/12 MP: 3/3
   139 | D:1      | Reached XP level 2. HP: 16/16 MP: 4/4
   300 | D:1      | Reached skill level 4 in Unarmed Combat
  1083 | D:2      | Reached XP level 3. HP: 20/20 MP: 5/5
  1582 | D:2      | Noticed Terence
  1600 | D:2      | Killed Terence
  1707 | D:2      | Reached XP level 4. HP: 23/24 MP: 6/6
  2044 | D:3      | Found an iron altar of Okawaru.
  2044 | D:3      | Found an ornate altar of the Wu Jian Council.
  2045 | D:3      | Found a blossoming altar of Fedhas.
  2047 | D:3      | Found a sacrificial altar of Ru.
  2048 | D:3      | Found a snail-covered altar of Cheibriados.
  2048 | D:3      | Found a shattered altar of Ashenzari.
  2048 | D:3      | Found a shadowy altar of Dithmenos.
  2049 | D:3      | Found a sparkling altar of Nemelex Xobeh.
  2053 | D:3      | Reached skill level 5 in Unarmed Combat
  2069 | D:3      | Became a worshipper of Dithmenos the Shadowed
  2069 | D:3      | Reached * piety under Dithmenos
  2069 | D:3      | Reached ** piety under Dithmenos
  2125 | D:3      | Reached XP level 5. HP: 11/28 MP: 4/7
  2978 | D:4      | Reached skill level 5 in Dodging
  2978 | D:4      | Reached skill level 6 in Unarmed Combat
  3038 | D:4      | Found a shattered altar of Ashenzari.
  3055 | D:4      | Reached skill level 5 in Stealth
  3055 | D:4      | Gained mutation: You are covered in thick fur. (AC +2)
                  | [Felid growth]
  3055 | D:4      | Reached XP level 6. HP: 32/32 MP: 8/8
  3055 | D:4      | Noticed a hippogriff
  3057 | D:4      | Noticed Natasha
  3075 | D:4      | Killed Natasha
  3076 | D:4      | Killed from afar by an orc priest
  3077 | D:4      | Reached XP level 5. HP: -6/28 MP: 0/8
  3080 | D:4      | Noticed Natasha
  3090 | D:4      | Killed Natasha
  3105 | D:4      | Killed from afar by an orc priest

Skill      XL: |  1  2  3  4  5 |
---------------+----------------+-----
Unarmed Combat | 4 5 6 |  6.3
Stealth        | 5 |  5.4
Dodging        | 5 |  5.4
Fighting       | |  3.6
Invocations    | |  2.8

Action                   |  1- 3 |  4- 6 || total
-------------------------+-------+-------++-------
Melee: Unarmed           |   137 |   148 ||   285
       Bite              |    17 |    21 ||    38
       Punch             |       |     3 ||     3
  Use: Scroll            |     2 |     5 ||     7
 Stab: Sleeping          |    10 |     2 ||    12
  Eat: Chunk             |     9 |     4 ||    13
Armor: Skin              |     6 |     4 ||    10
Dodge: Dodged            |   108 |   123 ||   231
